 Dungeon Crawl Stone Soup version 0.24.0-124-g2791043dd8 (webtiles) character file.

Game seed: 8865956995519848603, levelgen mode: deterministic

17682 HawFromDerth the Spear-Bearer (level 12, -6/117 HPs)
             Began as a Deep Dwarf Berserker on Feb 15, 2020.
             Was a High Priest of Trog.
             Killed from afar by Frances (50 damage)
             ... with an iron shot
             ... on level 12 of the Dungeon.
             The game lasted 00:38:36 (11569 turns).

HawFromDerth the Spear-Bearer (DDBe)               Turns: 11569, Time: 00:38:36

Health: -6/117     AC: 19    Str: 30    XL:     12   Next: 21%
Magic:  0/0        EV: 11    Int:  8    God:    Trog [*****.]
Gold:   756        SH:  3    Dex: 12    Spells: 11/11 levels left

rFire    + . .     SeeInvis .   l - +1 trident (venom)
rCold    . . .     Gourm    .   (no shield)
rNeg     . . .     Faith    .   C - +1 chain mail {rF+}
rPois    .         Spirit   .   o - +0 helmet
rElec    .         Reflect  +   g - +2 cloak {MR+}
rCorr    .         Harm     .   (no gloves)
MR       +++..                  f - +0 pair of boots
Stlth    ..........             x - +3 amulet of reflection
HPRegen  0.00/turn              B - +4 ring of strength
MPRegen  0.07/turn              q - ring of protection from magic

@: non-regenerating
A: damage resistance, heal wounds, sense surroundings 2, no regeneration
a: Heal Wounds, Berserk, Trog's Hand, Brothers in Arms, Renounce Religion


You were on level 12 of the Dungeon.
You worshipped Trog.
Trog was extremely pleased with you.
You were not hungry.

You visited 1 branch of the dungeon, and saw 13 of its levels.

You collected 756 gold pieces.

Inventory:

Hand Weapons
 a - a +0 hand axe
 l - a +1 trident of venom (weapon)
Armour
 b - a +0 animal skin
 f - a +0 pair of boots (worn)
 g - a +2 cloak of magic resistance (worn)
 o - a +0 helmet (worn)
 C - a +1 chain mail of fire resistance (worn)
Jewellery
 q - a ring of protection from magic (right hand)
 r - the ring of Moidy {Str+5 Dex+4, unknown}
   (You found it on level 7 of the Dungeon)

   [ring of strength]

   It affects your strength (+5).
   It affects your dexterity (+4).
 t - an uncursed ring of magical power
 x - a +3 amulet of reflection (around neck)
 B - a +4 ring of strength (left hand)
 D - an uncursed ring of resist corrosion
 F - an uncursed ring of protection from cold
 G - an uncursed amulet of regeneration {unknown}
 I - a +3 ring of dexterity {unknown}
 L - an uncursed amulet of faith {unknown}
Wands
 E - a wand of digging (4)
 H - a wand of flame (1)
 M - a wand of paralysis (11)
Scrolls
 h - 5 scrolls of fear
 i - 3 scrolls of enchant armour {unknown}
 k - 6 scrolls of identify
 s - a scroll of magic mapping
 v - 3 scrolls of enchant weapon
 w - 3 scrolls of remove curse
 y - 4 scrolls of blinking {unknown}
 A - 2 scrolls of teleportation
 N - a scroll of fog {unknown}
 O - a scroll of acquirement {unknown}
Potions
 d - 2 potions of invisibility
 e - 5 potions of curing
 j - a potion of might
 m - 2 potions of degeneration
 n - 4 potions of flight
 p - a potion of lignification
 u - 5 potions of heal wounds
 z - a potion of haste {unknown}
 J - a potion of mutation {unknown}
 K - a potion of resistance {unknown}
Comestibles
 c - a ration


   Skills:
 * Level 10.3 Fighting
 + Level 5.7(10.6) Axes
 + Level 11.6(12.0) Polearms
 + Level 10.6 Armour
 + Level 5.1 Dodging
 - Level 1.0 Stealth


You had 11 spell levels left.
You didn't know any spells.
Your spell library was empty.

Dungeon Overview and Level Annotations

Branches:
Dungeon (13/15)            Temple (0/1) D:5
   Lair: D:8-11         Orc: D:9-12      Vaults: D:13-14

Altars:
Okawaru
Vehumet
Wu Jian
Xom
Zin

Annotations:
D:12 Frances


Innate Abilities, Weirdness & Mutations

You are resistant to damage.
You can heal yourself by infusing magical energy.
You passively map the area around you.
You do not regenerate.


Message History

You now have 756 gold pieces (gained 33).
You see here an orc corpse.
Found a scroll labeled TOYPPYISHRI.
You see here an orc corpse.
You see here 15 arrows.
O - a scroll labeled TOYPPYISHRI You open the door.
There is an open door here.
You open the door.
There is an open door here.
There is an open door here.
There is an open door here.
There is an open door here.
Found a glaive.
There is an open door here.
Frances, Duchess of Pandemonium comes into view.
She is wielding a +0 glaive.
Frances shouts!
Frances screams a word of power!
The iron shot hits you!!!
You die...

, ,* ####.### , ,, ..# *##
#......# * * , , ...
...#......# * , , ..# *
#......... , , , * , ,,,..#
#......# , , ,, ..# #......#
* , ,@.# ####.### *
#######.#* #.>.# , ,
#.....@.# ###)# ' #.#######
######†# , ,*
##'##############.......
##..........##........... ,,
#...'..........#..###.......
, ..###..........'.##
#....... , * #..........###
#....... , #..........#
#.....(. ,, #).........#
#.......


You could see Frances.

Vanquished Creatures
  Harold (D:7)
  3 two-headed ogres
  Pikel (D:4)
  A wolf spider (D:9)
  An ugly thing (D:13)
  2 manticores
  2 gargoyles
  A yaktaur (shapeshifter) (D:13)
  3 trolls
  A hornet (D:9)
  11 polar bears (D:8)
  A dream sheep (D:8)
  4 hippogriffs
  A spriggan (D:7)
  Sigmund (D:4)
  8 yaks
  3 hungry ghosts (D:8)
  2 vampire mosquitoes (D:12)
  Menkaure (D:4)
  2 acid dragons
  2 ice beasts (D:7)
  3 black bears
  4 orc warriors
  2 phantoms
  3 ogres
  4 centaurs
  2 crocodiles (D:10)
  Blork the orc (D:6)
  5 bullfrogs
  6 killer bees (D:10)
  5 scorpions
  17 wights
  7 howler monkeys
  6 crimson imps
  2 bullfrog zombies
  3 jellies
  2 quasits
  2 centaur zombies
  5 hounds
  Crazy Yiuf (D:6)
  A gnoll shaman (D:10)
  8 orc priests
  2 bullfrog skeletons
  7 orc wizards
  4 iguanas
  9 worker ants
  A hound skeleton (D:6)
  2 worker ant zombies
  15 gnolls
  12 adders
  A shadow imp (D:8)
  An adder skeleton (D:3)
  2 adder zombies
  A worm (D:4)
  2 dart slugs (D:1)
  4 leopard geckos
  62 orcs
  7 bats
  10 giant cockroaches
  5 hobgoblins
  18 jackals
  3 quokkas
  2 ball pythons
  3 frilled lizards
  7 goblins
  8 kobolds
  A quokka skeleton (D:3)
  4 rats
334 creatures vanquished.

Vanquished Creatures (collateral kills)
  Erolcha (D:9)
1 creature vanquished.

Vanquished Creatures (others)
  A hound (D:4)
1 creature vanquished.

Grand Total: 336 creatures vanquished

Notes
Turn   | Place    | Note
-------+----------+-------------------------------------------
     0 | D:1      | HawFromDerth the Deep Dwarf Berserker began the quest for
                  | the Orb.
     0 | D:1      | Reached XP level 1. HP: 20/20 MP: 1/1
   129 | D:1      | Reached XP level 2. HP: 17/27 MP: 2/2
   682 | D:1      | Reached ** piety under Trog
  1033 | D:1      | Reached XP level 3. HP: 33/34 MP: 3/3
  1575 | D:2      | Reached XP level 4. HP: 38/42 MP: 4/4
  2265 | D:3      | Reached *** piety under Trog
  2272 | D:3      | Found a shimmering altar of Xom.
  2374 | D:3      | Found a radiant altar of Vehumet.
  3218 | D:4      | Reached XP level 5. HP: 49/49 MP: 4/4
  3221 | D:4      | Noticed Sigmund
  3236 | D:4      | Reached skill level 5 in Axes
  3236 | D:4      | Reached skill level 1 in Stealth
  3261 | D:4      | Killed Sigmund
  3261 | D:4      | Reached skill level 1 in Polearms
  3261 | D:4      | Reached XP level 6. HP: 22/56 MP: 5/5
  3663 | D:4      | Noticed Menkaure
  3707 | D:4      | Killed Menkaure
  3707 | D:4      | Reached skill level 2 in Polearms
  3732 | D:4      | Reached XP level 7. HP: 41/62 MP: 5/5
  3822 | D:4      | Reached skill level 3 in Polearms
  3883 | D:4      | Noticed Pikel
  3895 | D:4      | Killed Pikel
  3895 | D:4      | Reached skill level 5 in Polearms
  3895 | D:4      | Reached skill level 5 in Armour
  3895 | D:4      | Reached XP level 8. HP: 72/72 MP: 6/6
  4186 | D:4      | Reached **** piety under Trog
  4531 | D:5      | Entered Level 5 of the Dungeon
  4598 | D:5      | Found a glowing silver altar of Zin.
  4610 | D:5      | Reached skill level 6 in Polearms
  4678 | D:5      | Found an iron altar of Okawaru.
  4796 | D:5      | Found a staircase to the Ecumenical Temple.
  5439 | D:6      | Reached skill level 5 in Fighting
  5699 | D:6      | Gained mutation: You passively map the area around you.
                  | [Deep Dwarf growth]
  5699 | D:6      | Reached XP level 9. HP: 56/81 MP: 6/6
  5899 | D:6      | Found a runed translucent door.
  5900 | D:6      | Noticed Crazy Yiuf
  5950 | D:6      | Noticed Blork the orc
  5968 | D:6      | Killed Blork the orc
  6434 | D:6      | Killed Crazy Yiuf
  6492 | D:7      | Reached skill level 7 in Polearms
  6568 | D:7      | Reached ***** piety under Trog
  6740 | D:7      | Got a shimmering iron ring
  6760 | D:7      | Noticed Harold
  6824 | D:7      | Killed Harold
  6824 | D:7      | Reached skill level 8 in Polearms
  7024 | D:7      | Reached XP level 10. HP: 74/92 MP: 5/5
  7235 | D:8      | Found a huge runed translucent gate.
  7236 | D:8      | Found a huge runed translucent gate.
  7237 | D:8      | Found a huge runed translucent gate.
  7238 | D:8      | Found a huge runed translucent gate.
  7238 | D:8      | Noticed a manticore
  7386 | D:8      | Got a scorched ring mail
  7397 | D:8      | Identified the +1 ring mail of the Gardener {Int+3} (You
                  | found it on level 8 of the Dungeon)
  7708 | D:8      | Received a gift from Trog
  7748 | D:8      | Reached skill level 9 in Polearms
  8041 | D:8      | Killed a manticore
  8592 | D:8      | Reached skill level 10 in Polearms
  8632 | D:8      | Reached XP level 11. HP: 88/104 MP: 6/6
  8668 | D:9      | Found an ornate altar of the Wu Jian Council.
  9031 | D:9      | Noticed a two-headed ogre
  9033 | D:9      | Noticed Erolcha
  9033 | D:9      | Noticed a two-headed ogre
  9059 | D:9      | Killed a two-headed ogre
  9061 | D:9      | Killed a two-headed ogre
  9067 | D:9      | Killed Erolcha
  9405 | D:9      | Reached skill level 10 in Armour
  9434 | D:9      | Noticed a wolf spider
  9448 | D:9      | Killed a wolf spider
  9452 | D:9      | Reached skill level 11 in Polearms
  9800 | D:10     | Entered Level 10 of the Dungeon
  9985 | D:10     | Received a gift from Trog
 10308 | D:10     | Noticed a two-headed ogre
 10319 | D:10     | Killed a two-headed ogre
 10319 | D:10     | Reached skill level 10 in Fighting
 10560 | D:10     | Reached XP level 12. HP: 89/116 MP: 2/2
 10642 | D:11     | You fall into a shaft and drop 2 floors!
 10670 | D:13     | Reached skill level 5 in Dodging
 10866 | D:12     | Reached ****** piety under Trog
 11569 | D:12     | Noticed Frances
 11569 | D:12     | Killed from afar by Frances

Levels and vault maps discovered:
D:1:      dpeg_arrival_rooms_b, layout_loops_corners
D:2:      layout_basic, feat_on_display
D:3:      layout_basic, lemuel_coloured_pillars_altar, vehumet_crystals,
          first_ration, minmay_distorted
D:4:      layout_loops_ring, uniq_menkaure, uniq_sigmund, uniq_pikel
D:5:      layout_basic, minmay_temple_entry_glassed_door, basic_altar,
          okawaru_ov_weapons_minmay
D:6:      layout_cave_pods, serial_rivers, chequers_serial_rivers_room_a,
          chequers_serial_rivers_marsh, chequers_serial_rivers_small_a,
          chequers_serial_rivers_small_3, chequers_serial_rivers_micro_a,
          uniq_crazy_yiuf_cottage, uniq_blork_the_orc
D:7:      layout_rooms, the_bakery, uniq_harold
D:8:      lemuel_bear_cage, layout_loops_ring
D:9:      minmay_slanted_spiral_squares, layout_cave_pools, basic_altar,
          uniq_erolcha
D:10:     layout_loops_ring
D:11:     layout_roguey, minmay_lair_entry_grove, serial_shops,
          nicolae_shop_statue_plus, statue_in_the_mist_lemuel, water_maze_lemuel
D:12:     layout_roguey, hiddenorc2_lemuel, uniq_frances
D:13:     layout_stronghold

Skill      XL: |  1  2  3  4  5  6  7  8  9 10 11 12 |
---------------+-------------------------------------+-----
Fighting       | 3 4 5 6 8 10 | 10.3
Axes           | 4 5 |  5.7
Dodging        | 3 4 5 |  5.1
Armour         | 3 4 5 6 7 9 10 | 10.6
Stealth        | 1 |  1.0
Polearms       | 1 2 5 6 8 10 11 | 11.6

Action                   |  1- 3 |  4- 6 |  7- 9 | 10-12 || total
-------------------------+-------+-------+-------+-------++-------
Melee: Hand axe          |   161 |   116 |       |       ||   277
       Trident           |       |    68 |   387 |   761 ||  1216
Invok: Berserk           |       |     1 |     3 |     7 ||    11
       Brothers in Arms  |       |       |       |     1 ||     1
 Abil: Heal Wounds       |     1 |     5 |     9 |    31 ||    46
  Use: Scroll            |     4 |     3 |     2 |     2 ||    11
       Potion            |       |     4 |     5 |       ||     9
 Stab: Distracted        |       |       |     1 |       ||     1
  Eat: Ration            |     1 |     2 |     4 |     9 ||    16
       Chunk             |       |       |     1 |     2 ||     3
Armor: Animal skin       |    30 |       |       |       ||    30
       Ring mail         |    27 |    24 |       |       ||    51
       Plate armour      |       |    94 |   268 |    26 ||   388
       Chain mail        |       |       |       |   406 ||   406
Dodge: Dodged            |   141 |    83 |   139 |   387 ||   750
Block: Other             |       |       |       |    87 ||    87
       Reflection        |       |       |       |     2 ||     2
